 Dungeon Crawl Stone Soup version 0.30.1-9-gdf580d7c3d (webtiles) character file.

Game seed: 15286302445489841623

6755 booth the Cleaver (level 10, -2/118 HPs)
             Began as a Demonspawn Gladiator on Sept 29, 2023.
             Was a Follower of Ashenzari.
             Slain by a vampire mosquito (7 damage)
             ... on level 10 of the Dungeon on Sept 30, 2023.
             The game lasted 01:03:07 (11936 turns).

booth the Cleaver (Demonspawn Gladiator)           Turns: 11936, Time: 01:03:08

Health: -2/118     AC: 25    Str: 17    XL:     10   Next: 75%
Magic:  10/10      EV:  2    Int: 11    God:    Ashenzari [*.....]
Gold:   176        SH:  3    Dex: 15    Spells: 9/9 levels left

rFire   + . .        a - +3 war axe
rCold   . . .        k - +0 buckler "Relativism of Ashenzari" {Fort, Cun} (curse)
rNeg    . . .        x - melded +0 ring mail
rPois   +            (helmet currently unavailable)
rElec   .            (cloak currently unavailable)
rCorr   .            (gloves currently unavailable)
SInv    .            (boots currently unavailable)
Will    .....        (no amulet)
Stlth   +++          t - ring of protection from fire
HPRegen 0.39/turn    h - ring of Ouranomancy {rPois, Cun, Fort} (curse)
MPRegen 0.12/turn

%: no passive effects
@: tree-form, studying Dodging
A: stationary, stasis, torment immunity, boosted hp, (horns 1), ignite blood 1,
powered by death 1, (demonic touch 2)
a: Renounce Religion, Shatter the Chains


You were on level 10 of the Dungeon.
You worshipped Ashenzari.
Ashenzari was aware of your devotion.
You were a tree.
You visited 1 branch of the dungeon, and saw 10 of its levels.
You also visited: Bailey.

You collected 546 gold pieces.
You spent 370 gold pieces at shops.

Inventory:

Hand Weapons
 a - a +3 war axe (weapon)
 z - the +4 whip "Fehaadgh" {flame, Str+3}
   (You found it on level 8 of the Dungeon)

   Str:       It affects your strength (+3).
Missiles
 b - 6 boomerangs (quivered)
 d - 3 throwing nets
 e - 7 javelins
 f - 15 poisoned darts
Armour
 k - the cursed +0 buckler "Relativism of Ashenzari" (worn) {Fort, Cun}
   (You found it on level 1 of the Dungeon)

   It has a curse which improves the following skills: Fortitude: Armour and
   Shields.
   Cunning:   Dodging and Stealth.
 v - the +2 pair of gloves of the Shining Light {rC- rN+ Int+2 Dex+2}
   (You found it on level 7 of the Dungeon)

   Int:       It affects your intelligence (+2).
   Dex:       It affects your dexterity (+2).
   rC:        It makes you vulnerable to cold.
   rN:        It protects you from negative energy.
 x - a +0 ring mail (melded)
Jewellery
 h - the cursed ring of Ouranomancy (right branch) {rPois, Cun, Fort}
   (You bought it in a shop on level 2 of the Dungeon)

   [ring of poison resistance]

   rPois:     It protects you from poison.
   It has a curse which improves the following skills: Cunning: Dodging and
   Stealth.
   Fortitude: Armour and Shields.
 t - a ring of protection from fire (left branch)
 A - a ring of ice
Wands
 p - a wand of digging (1)
 q - a wand of charming (10)
Scrolls
 j - 4 scrolls of teleportation
 y - a scroll of fear
Potions
 c - 2 potions of flight
 g - a potion of berserk rage
 i - a potion of invisibility
 l - 2 potions of attraction
 n - 2 potions of lignification
 o - 2 potions of ambrosia
 r - 2 potions of might
 u - a potion of haste
 w - a potion of resistance


   Skills:
 + Level 7.2 Fighting
 * Level 9.3 Axes
 + Level 6.6 Throwing
 + Level 3.5(4.6) Armour
 + Level 7.5(8.8) Dodging
 + Level 3.9(5.0) Stealth


You had 9 spell levels left.
You didn't know any spells.
Your spell library contained the following spells:

 Spells                   Type           Power      Damage    Failure   Level
 Magic Dart               Conj           0%         1d3       43%         1
 Searing Ray              Conj           0%         2d4       56%         2
 Static Discharge         Conj/Air       0%         2-2/arc   56%         2
 Summon Guardian Golem    Hex/Summ       0%         N/A       80%         3
 Airstrike                Air            0%         2d(0-16)  99%         4
 Fulminant Prism          Conj/Hex       0%         3d5       99%         4
 Summon Lightning Spire   Summ/Air       0%         N/A       99%         4
 Orb of Destruction       Conj           0%         9d5       100%        7
 Spellforged Servitor     Conj/Summ      0%         N/A       100%        7


Dungeon Overview and Level Annotations

Branches:
Dungeon (10/15)            Temple (0/1) D:6          Bailey (visited)
   Lair: D:8-11         Orc: D:9-12

Altars:
Ashenzari
Fedhas
Nemelex Xobeh
Okawaru
Qazlal
Ru
Trog
Vehumet

Shops:
D:2 =   D:6 *   D:9 =

Portals:
Trove: D:10 (give +2 gold dragon scales)

Annotations:
D:3 2 transporters, jagang's ghost, amateur HuGl


Innate Abilities, Weirdness & Mutations

You are a tree.
Your roots penetrate the ground, keeping you stationary.
You cannot be teleported.
You are immune to unholy pain and torment.
Your maximum health is greatly increased.
Your equipment is partially melded.
((You have a pair of small horns on your head.))
Your demonic aura sometimes causes spilled blood to erupt in flames.
You regenerate a little health from kills.
((Your touch may inflict irresistible damage on your foes.))


Message History

The vampire mosquito bites you!
* * * LOW HITPOINT WARNING * * *
The vampire mosquito draws strength from your injuries!
Okay, then.
As you read the scroll of teleportation, it crumbles to dust.
You feel strangely unstable. The vampire mosquito barely misses you.
The vampire mosquito closely misses you.
Okay, then.
You can't see any enemies this would affect, really read the scroll of fear?
Okay, then.
Really quaff the potion of lignification?
You turn into a tree.
Your +0 ring mail melds into your body.
Your roots penetrate the ground.
You feel strangely stable.
The vampire mosquito bites you but does no damage. x2
You slash the vampire mosquito!
The vampire mosquito is heavily damaged.
The vampire mosquito bites you but does no damage.
The vampire mosquito bites you.
* * * LOW HITPOINT WARNING * * *
The vampire mosquito draws strength from your injuries!
You barely miss the vampire mosquito.
The vampire mosquito is moderately damaged.
The vampire mosquito bites you.
* * * LOW HITPOINT WARNING * * *
The vampire mosquito draws strength from your injuries!
You block the vampire mosquito's attack.
You closely miss the vampire mosquito.
The vampire mosquito is lightly damaged.
The vampire mosquito bites you but does no damage. x2
You closely miss the vampire mosquito.
The vampire mosquito is lightly damaged.
The vampire mosquito bites you but does no damage. x2
You barely miss the vampire mosquito.
The vampire mosquito is lightly damaged.
The vampire mosquito bites you but does no damage. x2
You slash the vampire mosquito!
The vampire mosquito is severely damaged.
You block the vampire mosquito's attack.
The vampire mosquito bites you!
You die...

#.#
##.#######
#........#
#..#####.#
#..# #.(#
##.#.#
##y###..
#♣## #.#
##.# ...
#.# ###
#.# ##


You could see a vampire mosquito.

Vanquished Creatures
  A two-headed ogre (D:9)
  A cyclops (D:8)
  A komodo dragon (D:10)
  A troll (D:8)
  A hornet (D:10)
  Sigmund (D:6)
  A wyvern (D:8)
  3 vampire mosquitoes (D:10)
  Menkaure (D:7)
  A steam dragon (D:8)
  2 water moccasins (D:6)
  12 orc warriors
  2 black bears
  2 sky beasts (D:6)
  An ice beast (D:6)
  4 centaurs
  3 ogres
  A kobold brigand (D:6)
  4 bullfrogs
  2 scorpions (D:6)
  3 wights (D:7)
  6 killer bees (D:9)
  3 howler monkeys (D:9)
  6 orc priests
  4 hounds
  2 jellies (D:4)
  Terence (D:3)
  An iguana (D:5)
  2 sleepcaps
  7 orc wizards
  5 gnolls
  8 adders
  2 shadow imps
  2 white imps (D:5)
  An ufetubus (D:6)
  2 worms
  2 dart slugs
  14 orcs
  3 ball pythons
  4 bats
  8 endoplasms
  14 goblins
  8 hobgoblins
  9 jackals
  13 kobolds
  5 quokkas
  3 frilled lizards
  5 rats
188 creatures vanquished.

Notes
Turn   | Place    | Note
-------+----------+-------------------------------------------
     0 | D:1      | booth the Demonspawn Gladiator began the quest for the Orb.
     0 | D:1      | Reached XP level 1. HP: 16/16 MP: 1/1
   465 | D:1      | Discovered your monstrous ancestry.
   465 | D:1      | Gained mutation: Your touch may inflict minor irresistible
                  | damage on your foes. [demonic ancestry]
   465 | D:1      | Reached XP level 2. HP: 19/22 MP: 2/2
   987 | D:2      | Reached skill level 3 in Axes
  1067 | D:2      | Gained mutation: Your demonic aura sometimes causes spilled
                  | blood to erupt in flames. [demonic ancestry]
  1067 | D:2      | Reached XP level 3. HP: 23/28 MP: 3/3
  1602 | D:2      | Found Lase's Jewellery Shoppe.
  1812 | D:2      | Found a radiant altar of Vehumet.
  2220 | D:3      | Noticed Terence
  2229 | D:3      | Killed Terence
  2230 | D:3      | Reached XP level 4. HP: 24/34 MP: 4/4
  2268 | D:3      | Found a transporter.
  2268 | D:3      | Noticed jagang's ghost (amateur HuGl)
  2272 | D:3      | Found a transporter.
  2608 | D:3      | Found a broken altar of Ashenzari.
  2615 | D:3      | Became a worshipper of Ashenzari the Shackled
  2934 | D:4      | Reached XP level 5. HP: 24/41 MP: 5/5
  3244 | D:4      | Identified the +1 ring mail of the Secret Ghosts {*Slow rN+
                  | Regen+}
  3503 | D:4      | Noticed an ogre
  3510 | D:4      | Killed an ogre
  3511 | D:4      | Reached skill level 4 in Axes
  3511 | D:4      | Gained mutation: You have a pair of small horns on your
                  | head. [demonic ancestry]
  3511 | D:4      | Reached XP level 6. HP: 47/47 MP: 6/6
  3736 | D:5      | Entered Level 5 of the Dungeon
  4207 | D:5      | Reached XP level 7. HP: 32/55 MP: 7/7
  4320 | D:5      | Reached skill level 5 in Axes
  4754 | D:6      | Found Bobbio's Assorted Antiques.
  4833 | D:6      | Reached * piety under Ashenzari
  4837 | D:6      | Noticed Sigmund
  4848 | D:6      | Killed Sigmund
  4849 | D:6      | Gained mutation: You regenerate a little health from kills.
                  | [demonic ancestry]
  4849 | D:6      | Reached XP level 8. HP: 40/63 MP: 8/8
  5011 | D:2      | Bought a ring of poison resistance for 280 gold pieces
  5094 | D:6      | Found a sacrificial altar of Ru.
  5111 | D:6      | Reached skill level 6 in Axes
  5181 | D:6      | Reached skill level 5 in Fighting
  5246 | D:6      | Found a stormy altar of Qazlal.
  5258 | D:6      | Reached skill level 5 in Dodging
  5506 | D:6      | Found an iron altar of Okawaru.
  5715 | D:6      | Found a staircase to the Ecumenical Temple.
  5980 | D:6      | Reached skill level 7 in Axes
  5980 | D:6      | Reached skill level 5 in Throwing
  6092 | D:6      | Found a radiant altar of Vehumet.
  6766 | D:6      | Bought a steel ring for 90 gold pieces
  6911 | D:7      | Gained mutation: Your touch may inflict irresistible damage
                  | on your foes. [demonic ancestry]
  6911 | D:7      | Reached XP level 9. HP: 13/71 MP: 9/9
  7196 | D:7      | Identified the +2 pair of gloves of the Shining Light {rC-
                  | rN+ Int+2 Dex+2}
  7257 | D:7      | Found a bloodstained altar of Trog.
  7814 | D:7      | Found a sparkling altar of Nemelex Xobeh.
  7860 | D:7      | Noticed Menkaure
  7873 | D:7      | Killed Menkaure
  8047 | D:7      | Reached ** piety under Ashenzari
  8615 | D:8      | Found a flagged portal.
  8616 | D:8      | Noticed a cyclops
  8623 | D:8      | Killed a cyclops
  8624 | D:8      | Reached skill level 1 in Armour
  8624 | D:8      | Reached skill level 1 in Stealth
  8723 | D:8      | Reached skill level 8 in Axes
  8754 | Bailey   | Entered a bailey
  9148 | Bailey   | Found the +0 mask of the Dragon {Will+ Slay+3 SInv}
  9400 | Bailey   | Identified a scroll of acquirement
  9404 | Bailey   | Acquired a manual of Dodging
  9445 | Bailey   | Found an iron altar of Okawaru.
  9447 | Bailey   | Noticed an orc high priest
  9447 | Bailey   | Noticed a kobold demonologist
  9449 | Bailey   | Noticed a sixfirhy
  9450 | Bailey   | Reached XP level 10. HP: 80/80 MP: 10/10
 10302 | D:8      | Identified the +4 whip "Fehaadgh" {flame, Str+3}
 10695 | D:9      | Found Tukynt's Jewellery Boutique.
 10749 | D:9      | Found a blossoming altar of Fedhas.
 11355 | D:9      | Noticed a two-headed ogre
 11368 | D:9      | Killed a two-headed ogre
 11369 | D:9      | Reached skill level 9 in Axes
 11663 | D:10     | Entered Level 10 of the Dungeon
 11681 | D:10     | Found a portal to a secret trove of treasure.
 11932 | D:10     | HP: 4/118 [vampire mosquito (3)]
 11936 | D:10     | Slain by a vampire mosquito

Illustrated notes

Levels and vault maps discovered:
D:1:      tarquinn_simple_flora_water_e, layout_basic, grunt_decor_one_mirror
D:2:      layout_basic, serial_shops, shop, basic_altar, serial_curves,
          eino_curves_02, eino_curves_02, roderic_malta_cross
D:3:      layout_basic, ashenzari_altar_1, gammafunk_ghost_arena,
          nicolae_kite_square_tiling_tiny, uniq_terence
D:4:      layout_cave_pools, serial_bayou_pond_d
D:5:      layout_rooms
D:6:      layout_layer_cave, nicolae_ru_sacrificial_ziggurat,
          nicolae_overflow_crystal_walls, nicolae_overflow_hidden_temple,
          nicolae_qazlal_beasts_of_the_sky, minmay_temple_entry_mist,
          serial_shops, shop, uniq_sigmund
D:7:      layout_layer_cave, mainiacjoe_overflow_tiny_flanked,
          mainiacjoe_overflow_surrounded_room, uniq_menkaure
D:8:      layout_loops_ring, enter_bailey_2
D:9:      layout_layer_cave, chequers_temple_overflow_statue_of_worship,
          serial_shops, nicolae_shop_tiny_real_fake_doors
D:10:     layout_loops_corners, david_orc_5, enter_trove_2, serial_park_tiny_2

Skill      XL: |  1  2  3  4  5  6  7  8  9 10 |
---------------+-------------------------------+-----
Throwing       | 2 3 4 5 6 |  6.6
Axes           | 3 4 5 7 8 9 |  9.3
Dodging        | 3 4 5 6 7 |  7.5
Fighting       | 3 4 5 6 7 |  7.2
Armour         | 2 3 |  3.5
Stealth        | 2 3 |  3.9

Action                     |  1- 3 |  4- 6 |  7- 9 | 10-12 || total
---------------------------+-------+-------+-------+-------++-------
  Melee: War axe           |   113 |   127 |   214 |   104 ||   558
         Headbutt          |       |    10 |    46 |    21 ||    77
  Throw: Javelin           |     1 |     1 |     2 |     9 ||    13
         Boomerang         |       |    11 |       |    10 ||    21
         Throwing net      |       |     1 |       |       ||     1
         Dart              |       |       |     4 |     1 ||     5
 Invoke: Curse Item        |       |     1 |     2 |       ||     3
         Shatter the Chain |       |       |       |     1 ||     1
  Evoke: Wand              |       |     1 |       |       ||     1
    Use: Potion            |     3 |     6 |     1 |     2 ||    12
         Scroll            |     2 |     4 |     2 |     2 ||    10
   Stab: Sleeping          |       |       |       |     1 ||     1
 Armour: Leather armour    |    37 |    34 |    33 |       ||   104
         Ring mail         |       |       |     1 |    24 ||    25
         Skin              |       |       |       |     9 ||     9
  Dodge: Dodged            |    61 |    88 |   141 |    98 ||   388
  Block: Buckler           |    11 |    21 |    31 |    21 ||    84
